 Dungeon Crawl Stone Soup version 0.32-a0-7-ge934b4519a (webtiles) character file.

Game seed: 326647401551421115

117 jasper the Slasher (level 4, 0/37 HPs)
             Began as an Armataur Fighter on Jan 13, 2024.
             Slain by an orc
             ... wielding a +0 trident
              (5 damage)
             ... on level 3 of the Dungeon.
             The game lasted 00:03:14 (1724 turns).

jasper the Slasher (Armataur Fighter)               Turns: 1724, Time: 00:03:15

Health: 0/37       AC:  6    Str: 21    XL:     4   Next: 71%
Magic:  4/4        EV:  8    Int:  8    God:
Gold:   110        SH:  5    Dex: 18    Spells: 3/3 levels left

rFire   . . .        a - +0 long sword
rCold   + . .        c - +0 buckler
rNeg    . . .        i - +0 ring mail
rPois   .            (no helmet)
rElec   .            (no cloak)
rCorr   .            (no gloves)
SInv    .            (no barding)
Will    .....        (no amulet)
Stlth   +            m - ring of protection from cold
HPRegen 0.26/turn    r - +6 ring of dexterity
MPRegen 0.09/turn

%: roll
@: mighty
A: large, deformed body, tough skin 3, armoured tail, roll 1
a: no special abilities


You were on level 3 of the Dungeon.
You visited 1 branch of the dungeon, and saw 3 of its levels.

You collected 110 gold pieces.

Inventory:

Hand Weapons
 a - a +0 long sword (weapon)
 j - a +3 short sword
 n - a +3 dagger of venom
Missiles
 e - 18 stones (quivered)
 u - 10 poisoned darts
Armour
 b - a +0 scale mail
 c - a +0 buckler (worn)
 i - a +0 ring mail (worn)
Jewellery
 m - a ring of protection from cold (left hand)
 r - a +6 ring of dexterity (right hand)
Scrolls
 d - 2 scrolls of teleportation {unknown}
 g - 2 scrolls of identify {unknown}
 s - a scroll of amnesia {unknown}
 v - a scroll of immolation {unknown}
 w - a scroll of blinking {unknown}
 x - a scroll of fog {unknown}
 y - a scroll of enchant armour {unknown}
Potions
 f - 2 potions of cancellation {unknown}
 h - 2 potions of resistance {unknown}
 k - 2 potions of heal wounds {unknown}
 l - a potion of brilliance {unknown}
 o - a potion of attraction {unknown}
 p - 2 potions of lignification {unknown}
 q - 2 potions of curing {unknown}
 t - 3 potions of mutation {unknown}


   Skills:
 - Level 2.6 Fighting
 * Level 4.5 Long Blades
 - Level 3.6 Armour
 - Level 3.2 Shields


You had 3 spell levels left.
You didn't know any spells.
Your spell library contained the following spells:

 Spells                   Type           Power      Damage    Failure   Level
 Apportation              Tloc           0%         N/A       65%         1
 Jinxbite                 Hex            0%         N/A       78%         2
 Alistair's Intoxication  Alch           0%         N/A       100%        5


Dungeon Overview and Level Annotations

Branches:
Dungeon (3/15)

Altars:

Shops:
D:1 (   D:2 =

Annotations:
D:3 3 runed translucent doors, Sirjeffry24's ghost, amateur HOMo


Innate Abilities, Weirdness & Mutations

Armour fits poorly on your strangely shaped body.
You have extremely tough skin. (AC +3)
You have a long armoured tail.
You regenerate magic when rolling toward enemies. (Rampage MPRegen)


Message History

An orc wizard comes into view. It is wielding a +0 dagger.
An orc comes into view. It is wielding a +0 trident.
The orc shouts!
Items here: ) [ ††.
You roll towards the orc wizard!
You barely miss the orc wizard. The orc wizard casts a spell at you.
The magic dart hits you!
The orc hits you from afar with a +0 trident!
The orc hits you but does no damage.
The orc wizard points at you and mumbles some strange words.
You block the puff of flame.
You take 15 damage, and have 19/37 hp.
MASSIVE DAMAGE!!
You closely miss the orc wizard.
The orc wizard hits you with a +0 dagger.
The orc barely misses you.
You take 1 damage, and have 18/37 hp.
You closely miss the orc wizard.
Your tail-slap misses the orc wizard.
The orc wizard barely misses you. The orc hits you but does no damage.
You closely miss the orc wizard. You block the orc wizard's attack.
You block the orc's attack.
You completely miss the orc wizard. The orc wizard barely misses you.
You block the orc's attack.
The orc hits you from afar with a +0 trident.
The orc wizard hits you with a +0 dagger.
You take 6 damage, and have 13/37 hp.
You closely miss the orc wizard.
The orc wizard hits you with a +0 dagger.
The orc hits you but does no damage.
You take 1 damage, and have 12/37 hp.
You closely miss the orc wizard.
The orc wizard gestures at you while chanting.
The magic dart hits you.
* * * LOW HITPOINT WARNING * * *
The orc hits you from afar with a +0 trident.
* * * LOW HITPOINT WARNING * * *
You take 7 damage, and have 5/37 hp.
You feel very mighty all of a sudden. You block the orc wizard's attack.
The orc hits you from afar with a +0 trident.
You die...

## ... .... .###
....# .....#### ##
.....# #....####.
....### ####......
#oo.## #.....###.
#@.# ###.##### #.
##)####...# #.
#).....### #. ###
##........# #. ###
#.#
#####..######.## ##
..#### #.###.....##
#..# #
.....###.#...######
##.# #
......##...#......#
#.# #
......#..###......#
#.#### ##


You could see an orc wizard and an orc.

Vanquished Creatures
  A gnoll (D:1)
  4 adders
  A dart slug (D:2)
  3 orcs (D:3)
  11 ball pythons
  6 endoplasms
  3 giant cockroaches
  3 hobgoblins
  4 jackals
  4 kobolds
  5 quokkas
  6 bats
  4 frilled lizards
  4 goblins
  5 rats
64 creatures vanquished.

Notes
Turn   | Place    | Note
-------+----------+-------------------------------------------
     0 | D:1      | jasper the Armataur Fighter began the quest for the Orb.
     0 | D:1      | Reached XP level 1. HP: 18/18 MP: 1/1
    72 | D:1      | Reached skill level 2 in Long Blades
    75 | D:1      | Reached XP level 2. HP: 9/25 MP: 2/2
   302 | D:1      | Reached skill level 3 in Long Blades
   347 | D:1      | Found Waolog's Antique Weapon Emporium.
   737 | D:2      | Reached XP level 3. HP: 30/30 MP: 3/3
  1146 | D:2      | Found Costuf's One-of-a-Kind Rings.
  1158 | D:2      | Reached XP level 4. HP: 29/37 MP: 4/4
  1159 | D:2      | Reached skill level 4 in Long Blades
  1614 | D:3      | Found a runed translucent gate.
  1614 | D:3      | Found a runed translucent gate.
  1614 | D:3      | Found a runed translucent gate.
  1659 | D:3      | Noticed Sirjeffry24's ghost (amateur HOMo)
  1724 | D:3      | Slain by an orc

Illustrated notes

Levels and vault maps discovered:
D:1:      saegor_arrival_miasma, layout_loops_cross, serial_shops, shop
D:2:      minmay_angry_zag, layout_rooms, nicolae_shop_unique_rings,
          dreamdust_wishing_well, nicolae_concentric_dashed_squares_wild
D:3:      layout_rooms, gammafunk_ghost_icy, minmay_goblin_kobold_house

Skill      XL: |  1  2  3  4 |
---------------+-------------+-----
Long Blades    | 2 3 4 |  4.5
Fighting       | |  2.6
Armour         | |  3.6
Shields        | |  3.2

Action                     |  1- 3 |  4- 6 || total
---------------------------+-------+-------++-------
  Melee: Long sword        |    91 |    63 ||   154
         Tailslap          |     6 |     7 ||    13
    Use: Potion            |     1 |     1 ||     2
 Armour: Scale mail        |    19 |       ||    19
         Ring mail         |    43 |    47 ||    90
  Dodge: Dodged            |    16 |    28 ||    44
  Block: Buckler           |    23 |    17 ||    40

Table legend: (Time is in decaauts)
 A = Elapsed time spent in this place.
 B = Non-inter-level travel time spent in this place.
 C = Inter-level travel time spent in this place.
 D = Time resting spent in this place.
 E = Time spent auto-exploring this place.
 F = Levels seen in this place.
 G = Mean time per level.
                   A        B        C        D        E       F      G
               +--------+--------+--------+--------+--------+-----+--------+
         Total |   1761 |   1676 |     85 |      3 |   1189 |   3 |  587.0 |
       Dungeon |   1761 |   1676 |     85 |      3 |   1189 |   3 |  587.0 |
               +--------+--------+--------+--------+--------+-----+--------+

Top non-repeatable levels by time:
     D:1: 737 daAuts
     D:2: 671 daAuts
     D:3: 352 daAuts
